Map: Mech Depot LE

Players

soO

  • Race: Zerg Zerg
  • Spawn Location: 1:00

GuMiho - Winner!

  • Race: Terran Terran
  • Spawn Location: 7:00

Event: 2017 WCS Global Finals

VOD

Have the link to the VOD?

Description

Time

  • Played on: Nov. 3, 2017, 4:16 p.m.
  • Length: 8:35

All games in this series

Show
View Real Time Build Order
Export as new Build Order

soO Zerg 

Build Orders: Hatch First 

Get SALT Encoding   

  12  0:00  Drone  
  13  0:12  Overlord  
  13  0:17  Drone  
  14  0:30  Drone x2  
  14  0:33  Drone  
  17  0:50  Hatchery  
  17  0:54  Drone  
  17  0:57  Drone  
  18  1:08  Extractor  
  17  1:12  Spawning Pool  
  17  1:14  Drone  
  17  1:18  Drone  
  18  1:27  Drone  
  19  1:37  Overlord  
  19  1:58  Queen  
  19  1:59  Zergling x4  
  23  2:01  Queen  
  23  2:02  Zergling x2  
  23  2:08  Metabolic Boost  
  26  2:11  Drone  
  26  2:13  Drone  
  28  2:21  Drone  
  29  2:24  Drone  
  30  2:34  Queen  
  30  2:36  Overlord  
  32  2:38  Drone  
  32  2:43  Drone  
  34  2:44  Pneumatized Carapace  
  34  2:51  Drone  
  35  2:54  Drone  
  35  2:58  Drone  
  37  3:05  Drone  
  38  3:08  Drone x4  
  38  3:11  Overlord  
  43  3:12  Drone  
  43  3:16  Drone  
  44  3:27  Hatchery  
  44  3:33  Queen  
  45  3:36  Drone  
  45  3:38  Drone  
  47  3:42  Roach Warren  
  47  3:43  Drone  
  47  3:44  Drone  
  48  3:48  Zergling x4  
  48  3:52  Overlord  
  50  3:57  Overlord  
  50  3:59  Extractor  
  49  4:04  Drone x3  
  52  4:14  Queen  
  54  4:20  Zergling x4  
  54  4:22  Roach x4  
  54  4:23  Roach x2  
  68  4:28  Overlord  
  68  4:29  Overlord  
  68  4:37  Roach  
  64  4:41  Roach x2  
  64  4:44  Drone  
  60  4:48  Drone x2  
  60  4:50  Drone x3  
  60  4:51  Drone  
  64  4:53  Drone  
  65  5:10  Hatchery  
  64  5:14  Overlord  
  64  5:15  Zergling x6  
  64  5:18  Ravager x3  
  70  5:23  Overlord  
  72  5:28  Zergling x6  
  72  5:32  Zergling x2  
  72  5:34  Zergling x8  
  78  5:36  Ravager  
  79  5:51  Drone  
  79  5:52  Drone x2  
  79  5:54  Lair, Drone  
  81  5:57  Drone x2  
  81  5:58  Drone x2  
  81  6:03  Drone  
  86  6:04  Drone x2  
  86  6:06  Extractor  
  88  6:11  Drone x2  
  89  6:21  Drone x2  
  89  6:23  Evolution Chamber  
  89  6:25  Evolution Chamber, Drone x2  
  90  6:26  Drone  
  90  6:29  Drone x2  
  94  6:34  Overlord  
  94  6:38  Overlord  
  94  6:39  Overlord  
  94  6:41  Overlord  
  94  6:43  Overlord  
  94  6:45  Overlord  
  94  6:46  Extractor x2  
  92  6:50  Overlord  
  92  6:52  Queen, Overlord  
  92  6:53  Drone  
  95  6:55  Drone  
  95  6:59  Drone  
  95  7:00  Drone x2  
  98  7:02  Overseer  
  98  7:05  Drone x3  
  98  7:06  Extractor, Drone  
  101  7:10  Drone x2  
  101  7:13  Drone  
  104  7:20  Overlord  
  104  7:22  Roach x4  
  111  7:28  Roach  
  111  7:29  Roach  
  115  7:32  Roach x4  
  123  7:42  Roach x2  
  116  7:46  Roach x4  
  116  7:48  Roach  
  116  7:49  Roach  
  116  7:50  Roach  
  106  7:53  Roach  
  106  7:55  Roach  
  106  7:58  Roach  
  93  8:00  Roach x2  
  93  8:03  Roach  
  93  8:05  Roach  
  100  8:07  Roach  
  100  8:09  Roach  
  102  8:18  Ravager  
Show
View Real Time Build Order
Export as new Build Order

GuMiho Terran - Winner!

Build Orders: Gas First Reaper Expand, Hellion Opening, Reaper Expand, Mech 

Get SALT Encoding   

  12  0:00  SCV  
  13  0:12  SCV  
  14  0:20  Supply Depot  
  14  0:24  SCV  
  15  0:29  Refinery  
  15  0:41  SCV  
  16  0:44  Barracks  
  16  0:53  SCV  
  17  1:06  SCV  
  18  1:18  SCV  
  19  1:31  Reaper, Orbital Command  
  20  1:42  Command Center  
  20  1:53  Factory  
  20  1:57  SCV  
  21  2:05  Supply Depot  
  21  2:07  Barracks Reactor  
  21  2:10  SCV  
  22  2:22  SCV  
  23  2:23  Refinery  
  23  2:34  SCV  
  24  2:46  SCV  
  24  2:50  Reaper, Hellion x2  
  30  2:54  Orbital Command  
  30  2:58  Armory, SCV  
  31  3:10  SCV  
  31  3:11  Hellion x2  
  36  3:20  SCV  
  36  3:24  Supply Depot, SCV  
  36  3:25  Reaper  
  39  3:32  SCV, Hellion  
  39  3:33  Hellion  
  44  3:39  SCV  
  45  3:44  SCV  
  45  3:45  Supply Depot, Terran Vehicle Weapons Level 1  
  46  3:51  SCV  
  47  3:57  SCV  
  48  4:03  SCV  
  48  4:07  Cyclone x2  
  48  4:09  SCV  
  56  4:15  SCV  
  57  4:18  Marine  
  57  4:21  SCV  
  57  4:24  Command Center  
  59  4:36  SCV  
  58  4:44  SCV  
  56  4:49  SCV  
  56  4:51  Refinery x2  
  49  4:56  Barracks Reactor, SCV  
  49  4:57  Factory  
  49  4:59  Factory, Factory Tech Lab  
  48  5:01  SCV  
  48  5:06  Supply Depot  
  49  5:08  SCV  
  49  5:09  Bunker  
  49  5:13  SCV  
  51  5:18  Siege Tank  
  51  5:20  SCV  
  55  5:25  Supply Depot  
  55  5:29  Starport  
  55  5:30  SCV  
  55  5:32  SCV  
  55  5:33  Marine x2  
  59  5:37  Orbital Command  
  59  5:39  Supply Depot  
  59  5:47  Factory Reactor  
  58  5:50  Marine x2  
  58  5:55  Factory Tech Lab  
  60  6:00  Factory Tech Lab  
  60  6:04  SCV x3  
  60  6:06  Terran Vehicle And Ship Armor Level 1  
  60  6:07  Supply Depot  
  60  6:08  Medivac  
  60  6:11  Marine x2  
  66  6:12  Supply Depot  
  66  6:16  SCV x3  
  66  6:17  Siege Tank  
  73  6:23  Siege Tank  
  76  6:26  Orbital Command  
  76  6:28  Hellion, Marine  
  76  6:29  Marine  
  76  6:30  Hellion  
  82  6:39  SCV x2  
  84  6:40  Supply Depot  
  84  6:41  Starport Reactor  
  84  6:49  Hellion  
  84  6:50  Hellion  
  84  6:51  SCV  
  84  6:52  SCV, Hellion  
  93  6:54  SCV  
  93  6:57  Marine x2  
  95  7:04  Liberator, SCV x2, Cyclone  
  100  7:08  SCV  
  100  7:10  Cyclone  
  100  7:11  Cyclone  
  107  7:16  Supply Depot, SCV x2  
  107  7:18  Supply Depot  
  107  7:19  Medivac  
  114  7:25  SCV  
  114  7:28  SCV  
  114  7:29  SCV  
  117  7:37  SCV  
  116  7:44  Siege Tank  
  116  7:45  Hellion x2, Siege Tank  
  116  7:46  SCV x2  
  116  7:49  SCV  
  120  7:54  Refinery, Marine x2  
  120  7:55  Refinery  
  116  7:58  SCV x2  
  116  8:01  SCV  
  120  8:09  Command Center  
  120  8:10  SCV x2  
  120  8:13  SCV  
  118  8:22  Engineering Bay  
Tags
 
Add a new tag
Caveats
  • Supply blocks, unpowered buildings, or Contaminate may cause inaccurate times.
  • Supply counts are checked every 10 seconds.